 Dungeon Crawl Stone Soup version 0.16-a0-465-g631e55c (console) character file.

427 Kellhus the Chopper (level 6, 0/47 HPs)
             Began as a Mummy Fighter on Sept 16, 2014.
             Slain by a sky beast (5 damage)
             ... on Level 5 of the Dungeon.
             The game lasted 00:05:35 (4802 turns).

Kellhus the Chopper (Mummy Fighter)                 Turns: 4802, Time: 00:05:36

HP   0/47        AC 11     Str 19      XL: 6   Next: 65%
MP   6/6         EV  2     Int  7      God:
Gold 175         SH  9     Dex 13      Spells:  0 memorised,  5 levels left

rFire  . . .     SeeInvis .     a - +0 war axe
rCold  . . .     Clarity  .     g - +0 plate armour
rNeg   + + +     rCorr    .     c - +0 shield
rPois  +         rRot     +     (no helmet)
rElec  .         Spirit   .     (no cloak)
SustAb .         Warding  .     (no gloves)
rMut   .         Stasis   .     (no boots)
Gourm  .                        (no amulet)
MR     .....                    n - ring of fire
                                m - ring of wizardry

@: not resistant to hostile enchantments, extremely unstealthy
A: no food or potions, fire vulnerability, restore body, cold resistance 1,
negative energy resistance 3, poison resistance, torment resistance, unbreathing
a: no special abilities


You were on level 5 of the Dungeon.
You were not hungry.

You visited 1 branch of the dungeon, and saw 5 of its levels.

You collected 175 gold pieces.

Inventory:

Hand weapons
 a - a +0 war axe (weapon)
 o - a +0 hand axe of flaming
Armour
 b - a +0 scale mail
 c - a +0 shield (worn)
 g - a +0 plate armour (worn)
Scrolls
 d - 6 scrolls of identify {unknown}
 e - 2 scrolls of enchant weapon {unknown}
 f - a scroll of fear {unknown}
 h - 2 scrolls of recharging {unknown}
 i - a scroll of enchant armour {unknown}
 j - 2 scrolls of immolation {unknown}
 k - 2 scrolls of amnesia {unknown}
Jewellery
 l - an uncursed amulet of stasis
 m - a ring of wizardry (left hand)
 n - a ring of fire (right hand)


   Skills:
 - Level 3.0 Fighting
 + Level 6.0 Axes
 - Level 2.4 Armour
 - Level 2.4 Shields


You had 5 spell levels left.
You didn't know any spells.

Dungeon Overview and Level Annotations

Branches:
Dungeon (5/15)
 Temple: D:4-7

Altars:
Makhleb

Shops:
D:5 ?


Innate Abilities, Weirdness & Mutations

You do not eat or drink.
Your flesh is vulnerable to fire.
Your flesh is cold resistant.
You are immune to negative energy.
Your system is resistant to poisons.
You are immune to unholy pain and torment.
You can survive without breathing.


Message History

You barely miss something. Something hits you but does no damage.
You miss something. Something hits you but does no damage.
You block its attack.
You closely miss something. Something hits you. Something shocks you.
You miss something. You block its attack.
You miss something. Something hits you. Something shocks you.
Something hits you but does no damage.
Your shield and plate armour prevent you from hitting something.
Something hits you but does no damage.
Your shield and plate armour prevent you from hitting something.
Something hits you but does no damage.
You closely miss something. Something hits you. Something shocks you.
You hit something. Something hits you but does no damage. You block its attack.
You miss something. Something hits you but does no damage.
You closely miss something. Something hits you but does no damage.
You miss something. Something hits you. Something shocks you.
* * * LOW HITPOINT WARNING * * *
You miss something. Something hits you.
* * * LOW HITPOINT WARNING * * *
Something shocks you.
You die...

...#..........####
#.##...#..∩......#
#.##.............#
#.##.............# #
#.##......8......#
#.#.##.............. ..
#.#.##..##.........
.....#..≈..............
./.....%@#.#####.###.#
.................# .
###.....#########
#...... ........
..%.....# .......#
......# .....


There were no monsters in sight!

Vanquished Creatures
  An ogre (D:4)
  2 scorpions (D:4)
  3 worker ants (D:4)
  A gnoll (D:1)
  3 adders
  A giant mite (D:3)
  3 worms (D:3)
  An inept feature mimic (D:4)
  6 orcs
  5 ball pythons (D:2)
  16 bats
  A bat skeleton (D:4)
  15 goblins
  4 hobgoblins
  8 jackals
  A quokka (D:3)
  4 giant cockroaches
  9 giant newts
  2 goblin skeletons (D:4)
  8 kobolds
  12 rats
  A rat skeleton (D:4)
107 creatures vanquished.

Notes
Turn   | Place    | Note
--------------------------------------------------------------
     0 | D:1      | Kellhus, the Mummy Fighter, began the quest for the Orb.
     0 | D:1      | Reached XP level 1. HP: 18/18 MP: 1/1
   231 | D:1      | Reached XP level 2. HP: 24/24 MP: 2/2
   618 | D:1      | Reached XP level 3. HP: 21/29 MP: 3/3
  1819 | D:3      | Reached XP level 4. HP: 35/35 MP: 4/4
  2273 | D:3      | Found a burning altar of Makhleb.
  2394 | D:3      | Reached skill level 4 in Axes
  3078 | D:3      | Reached XP level 5. HP: 32/41 MP: 5/5
  3303 | D:4      | Noticed an ogre
  3433 | D:4      | Found Jyih's Weapon Shoppe.
  3442 | D:4      | Jyih's Weapon Shoppe was a mimic.
  3754 | D:4      | Reached skill level 5 in Axes
  3830 | D:4      | Reached XP level 6. HP: 35/47 MP: 6/6
  4084 | D:4      | Killed an ogre
  4363 | D:4      | Reached skill level 6 in Axes
  4765 | D:5      | Entered Level 5 of the Dungeon
  4765 | D:5      | Found Azizuell's Magic Scroll Emporium.
  4802 | D:5      | Slain by a sky beast

Action                   |  1- 3 |  4- 6 || total
-------------------------+-------+-------++-------
Melee: War axe           |   162 |   253 ||   415
